 Seeded DCSS version 0.30.1-9-gdf580d7c3d (webtiles) character file.

Game seed: 10793854123983074938 (custom seed)

127 Psyclone the Conjurer (level 4, 24/24 HPs)
             Began as a Deep Elf Conjurer on Sept 27, 2023.
             Quit the game on level 3 of the Dungeon.
             The game lasted 00:04:35 (3078 turns).

Psyclone the Conjurer (Deep Elf Conjurer)           Turns: 3078, Time: 00:04:35

Health: 24/24      AC:  2    Str:  4    XL:     4   Next: 85%
Magic:  10/10      EV: 12    Int: 28    God:
Gold:   131        SH:  5    Dex: 13    Spells: 6/9 levels left

rFire   . . .        o - +2 short sword "Bilack" {protect, rC+ Int+3}
rCold   + . .        (no shield)
rNeg    . . .        a - +0 robe
rPois   .            (no helmet)
rElec   .            (no cloak)
rCorr   .            (no gloves)
SInv    .            (no boots)
Will    .....        f - amulet of reflection
Stlth   ++           (no ring)
HPRegen 0.24/turn    (no ring)
MPRegen 0.12/turn

%: reflection
@: no status effects
A: no striking features
a: no special abilities


You were on level 3 of the Dungeon.
You visited 1 branch of the dungeon, and saw 3 of its levels.

You collected 131 gold pieces.

Inventory:

Hand Weapons
 g - a +2 dagger of holy wrath
 o - the +2 short sword "Bilack" (weapon) {protect, rC+ Int+3}
   (You found it on level 2 of the Dungeon)

   Int:       It affects your intelligence (+3).
   rC:        It protects you from cold.
Armour
 a - a +0 robe (worn)
Magical Staves
 d - a staff of fire
Jewellery
 f - an amulet of reflection (around neck)
 l - a ring of willpower
 m - a +6 ring of strength
Scrolls
 j - a scroll of amnesia
 k - a scroll of fear
 n - a scroll of fog
 p - a scroll of poison {unknown}
Potions
 b - a potion of magic
 c - 2 potions of mutation {unknown}
 e - a potion of curing
 h - a potion of resistance
 i - a potion of invisibility


   Skills:
 - Level 2.4 Dodging
 - Level 2.4 Stealth
 - Level 3.0 Spellcasting
 + Level 6.9 Conjurations


You had 6 spell levels left.
You knew the following spells:

 Your Spells              Type           Power      Damage    Failure   Level
a - Magic Dart            Conj           100%       1d8       1%          1
b - Searing Ray           Conj           84%        2d7       1%          2

Your spell library contained the following spells:

 Spells                   Type           Power      Damage    Failure   Level
 Dazzling Flash           Conj/Hex       46%        N/A       6%          3
 Summon Small Mammal      Summ           16%        N/A       9%          1
 Fulminant Prism          Conj/Hex       11%        3d9       21%         4
 Iskenderun's Mystic Bla  Conj/Tloc      23%        2d6       21%         4
 Call Canine Familiar     Summ           4%         N/A       24%         3
 Summon Guardian Golem    Hex/Summ       4%         N/A       24%         3


Dungeon Overview and Level Annotations

Branches:
Dungeon (3/15) Zot: 14922

Altars:
Uskayaw

Shops:
D:1 *!


Message History

Aim: an endoplasm (asleep, 100% to hit)
The magic dart hits the endoplasm.
You kill the endoplasm!
Casting: Magic Dart (safe; 1% risk of failure)
Confirm with . or Enter, or press ? or * to list all spells.
You can't see any susceptible monsters within range! (Use Z to cast anyway.)
You now have 9/10 mp.
Unknown command.
Casting: Magic Dart (safe; 1% risk of failure)
Confirm with . or Enter, or press ? or * to list all spells.
You can't see any susceptible monsters within range! (Use Z to cast anyway.) Unknown command.
Found a robe.
MP restored: 10
Found a leather armour.
l - a ring of willpower Key pressed, stopping explore.
Unknown command.
p - a scroll labelled UMUADO VAIDD
There is an open door here.
You see here a +0 leather armour.
You open the door.
There is an open door here.
You see here a +0 dagger.
Found a pair of gloves.
You see here a +0 pair of gloves.
You see here a +0 pair of gloves.
Key pressed, stopping explore.
Unknown command.
Casting: Magic Dart (safe; 1% risk of failure)
Confirm with . or Enter, or press ? or * to list all spells.
You can't see any susceptible monsters within range! (Use Z to cast anyway.)
Things that are here:
a +0 whip; 4 stones
Found a stone staircase leading down.
There is a stone staircase leading down here.
You now have 131 gold pieces (gained 8).
Done exploring.
Done exploring.
Are you sure you want to abandon this character and quit the game? (Confirm with "yes".)

##..........#
............#
............###########
..........)..........>#
...............######.#
...............# ##...#
...............# #..#.#
######.........###.##.#
#.........#@..##.#
#.........#.####.#
########..#.# #.#
#....####.#### #.#
#....#.......# #.#
#....#....†..# #.#
#....#..†....###.#
#........_.†.....#
#....#..†....##..#


There were no monsters in sight!

Vanquished Creatures
  Robin (D:2)
  4 adders
  3 worms (D:2)
  A dart slug (D:1)
  3 endoplasms
  2 giant cockroaches
  14 goblins
  5 hobgoblins
  7 jackals (D:1)
  3 quokkas
  4 ball pythons
  7 bats
  4 frilled lizards
  6 kobolds
  5 rats
69 creatures vanquished.

Notes
Turn   | Place    | Note
-------+----------+-------------------------------------------
     0 | D:1      | Psyclone the Deep Elf Conjurer began the quest for the Orb.
     0 | D:1      | Reached XP level 1. HP: 10/10 MP: 6/6
   440 | D:1      | Reached XP level 2. HP: 15/15 MP: 6/8
   503 | D:1      | Learned a level 2 spell: Searing Ray
   579 | D:1      | Reached skill level 5 in Conjurations
   718 | D:1      | Found Wuluimiz's Assorted Antiques.
   860 | D:1      | Found Liem's Distillery.
  1243 | D:2      | Reached XP level 3. HP: 19/19 MP: 6/9
  1286 | D:2      | Noticed Robin
  1466 | D:2      | Killed Robin
  1467 | D:2      | Reached skill level 6 in Conjurations
  1581 | D:2      | Reached XP level 4. HP: 24/24 MP: 5/10
  1802 | D:2      | Identified the +2 short sword "Bilack" {protect, rC+ Int+3}
  2639 | D:3      | Found a hide-covered altar of Uskayaw.
  3078 | D:3      | Quit the game

Illustrated notes

Levels and vault maps discovered:
D:1:      zelgadis_glass_arrival_small, layout_loops_corners, serial_shops,
          nicolae_shop_behind_doors,
          nicolae_shop_temple_entry_statues_fountains, minmay_misc_feat_rugged
D:2:      layout_basic, uniq_robin
D:3:      layout_basic, nicolae_uskayaw_murder_on_the_dancefloor,
          corexii_leaking_fountain

Skill      XL: |  1  2  3 |
---------------+----------+-----
Conjurations   | 5 6 |  6.9
Dodging        | |  2.4
Stealth        | |  2.4
Spellcasting   | |  3.0

Action                     |  1- 3 |  4- 6 || total
---------------------------+-------+-------++-------
   Cast: Magic Dart        |    82 |    58 ||   140
    Use: Scroll            |       |     6 ||     6
         Potion            |       |     1 ||     1
 Armour: Robe              |     1 |       ||     1
  Dodge: Dodged            |     9 |     1 ||    10
  Block: Other             |     3 |     2 ||     5
